 Dungeon Crawl Stone Soup version 0.28-a0-1447-ga5a8893891 (webtiles) character file.

Game seed: 16545677747562822899

509 fragbeetle the Digger (level 7, 0/40 HPs)
             Began as a Gargoyle Earth Elementalist on Jan 11, 2022.
             Slain by an adder zombie (3 damage)
             ... on level 5 of the Dungeon.
             The game lasted 00:14:14 (4229 turns).

fragbeetle the Digger (Gargoyle Earth Elementalist) Turns: 4229, Time: 00:14:14

Health: 0/40       AC:  8    Str: 11    XL:     7   Next: 19%
Magic:  2/11       EV: 12    Int: 18    God:
Gold:   88         SH:  0    Dex: 10    Spells: 8/12 levels left

rFire   . . .      SeeInvis .   r - staff of earth
rCold   . . .      Faith    .   (no shield)
rNeg    + . .      Spirit   .   b - +0 robe
rPois   ∞          Reflect  .   j - +0 helmet
rElec   +          Harm     .   (no cloak)
rCorr   .          Rampage  .   g - +0 pair of gloves
Will    .....                   (no boots)
Stlth   ++........              (no amulet)
HPRegen 0.13/turn               (no ring)
MPRegen 0.12/turn               (no ring)

@: no status effects
A: sickness immunity, AC +4, negative energy resistance 1, electricity
resistance, torment resistance 1, petrification resistance
a: no special abilities


You were on level 5 of the Dungeon.
You visited 1 branch of the dungeon, and saw 5 of its levels.

You collected 153 gold pieces.
You spent 65 gold pieces at shops.

Inventory:

Missiles
 c - 39 stones
 l - 19 poisoned darts
Armour
 b - a +0 robe (worn)
 g - a +0 pair of gloves (worn)
 j - a +0 helmet (worn)
 k - a +0 leather armour
Magical Staves
 r - a staff of earth (weapon)
Scrolls
 a - a scroll of identify
 i - 3 scrolls of teleportation
 m - 2 scrolls of magic mapping {unknown}
Potions
 d - 4 potions of curing
 e - a potion of flight
 f - 2 potions of invisibility
 n - 2 potions of lignification
 o - a potion of resistance {unknown}
 p - a potion of haste {unknown}
 q - a potion of brilliance {unknown}


   Skills:
 + Level 2.9 Fighting
 + Level 0.3 Staves
 + Level 2.8 Dodging
 - Level 2.1 Stealth
 + Level 3.2 Spellcasting
 * Level 3.3 Conjurations
 - Level 0.7 Transmutations
 * Level 6.0 Earth Magic
 + Level 0.2 Evocations


You had 8 spell levels left.
You knew the following spells:

 Your Spells              Type           Power      Damage    Failure   Level
a - Sandblast             Erth           72%        2d16      1%          1
b - Stone Arrow           Conj/Erth      58%        3d10      7%          3

Your spell library contained the following spells:

 Spells                   Type           Power      Damage    Failure   Level
 Passwall                 Tmut/Erth      18%        N/A       6%          2
 Freeze                   Ice            8%         1d3       16%         1
 Petrify                  Tmut/Erth      22%        N/A       36%         4
 Frozen Ramparts          Ice            4%         1d2       43%         3
 Hailstorm                Conj/Ice       8%         3d4       63%         4


Dungeon Overview and Level Annotations

Branches:
Dungeon (5/15)             Temple (0/1) D:4

Altars:
Ashenzari

Shops:
D:2 *

Annotations:
D:3 need dig
D:4 Dowan, Menkaure, Prince Ribbit


Innate Abilities, Weirdness & Mutations

You are immune to sickness and miasma.
Your stone body is resilient. (AC +4)
You are immune to poison.
You resist negative energy. (rN+)
You are resistant to electric shocks. (rElec)
You are resistant to unholy torment.
You are immune to petrification.


Message History

The water moccasin skeleton is almost destroyed.
The water moccasin skeleton closely misses you.
You barely miss the water moccasin skeleton.
The water moccasin skeleton is almost destroyed.
The water moccasin skeleton misses you.
You barely miss the water moccasin skeleton.
The water moccasin skeleton is almost destroyed.
The water moccasin skeleton closely misses you.
The water moccasin skeleton bites you.
* * * LOW HITPOINT WARNING * * *
You hit the water moccasin skeleton.
You destroy the water moccasin skeleton!
Your Earth Magic skill increases to level 6!
You hit the adder zombie.
You shatter the adder zombie.
The adder zombie is lightly damaged.
The adder zombie completely misses you.
You barely miss the adder zombie.
The adder zombie is lightly damaged.
The adder zombie barely misses you.
The adder zombie bites you but does no damage.
You barely miss the adder zombie.
The adder zombie is lightly damaged.
The adder zombie misses you.
You hit the adder zombie.
The adder zombie is moderately damaged.
The adder zombie bites you.
* * * LOW HITPOINT WARNING * * *
You closely miss the adder zombie.
The adder zombie is moderately damaged.
The adder zombie completely misses you. The adder zombie misses you.
You closely miss the adder zombie.
The adder zombie is moderately damaged.
The adder zombie closely misses you.
You hit the adder zombie.
The adder zombie is moderately damaged.
The adder zombie bites you but does no damage.
You barely miss the adder zombie.
The adder zombie is moderately damaged.
The adder zombie misses you. The adder zombie bites you.
You die...

#############.#
#....F..Z.....#
##.##########.#
#.# #Z# #.# #.#
## #.# #.# #.
#Z# #.####. #Z#
#####Z#.... #@#
#....ZZ.... ###
#.....#.###
######.......Z..
#.......)..#####
#.####.###># #.#
#...#.# #.#
#.#.#.# #.#
#.#.#.# #.# #.#
#.#


You could see an adder zombie and a bullfrog zombie.

Vanquished Creatures
  A black bear (D:4)
  An ice beast (D:5)
  A scorpion (D:5)
  A water moccasin skeleton (D:5)
  A howler monkey (D:5)
  A bullfrog skeleton (D:4)
  A scorpion zombie (D:3)
  4 adders
  2 worms
  2 orcs
  10 ball pythons
  9 endoplasms
  5 giant cockroaches
  7 goblins
  4 hobgoblins (D:1)
  4 jackals (D:1)
  4 quokkas
  8 bats
  8 frilled lizards
  7 kobolds
  8 rats
89 creatures vanquished.

Vanquished Creatures (others)
  4 fungi (D:4)
  2 withered plants (D:5)
6 creatures vanquished.

Grand Total: 95 creatures vanquished

Notes
Turn   | Place    | Note
-------+----------+-------------------------------------------
     0 | D:1      | fragbeetle the Gargoyle Earth Elementalist began the quest
                  | for the Orb.
     0 | D:1      | Reached XP level 1. HP: 10/10 MP: 3/3
   507 | D:1      | Reached XP level 2. HP: 16/16 MP: 3/5
   531 | D:1      | Reached skill level 4 in Earth Magic
   606 | D:1      | Reached skill level 1 in Fighting
   619 | D:1      | Reached XP level 3. HP: 8/20 MP: 3/6
   852 | D:1      | Found a faded altar of an unknown god.
  1612 | D:2      | Reached XP level 4. HP: 25/25 MP: 5/7
  1630 | D:2      | Learned a level 3 spell: Stone Arrow
  2073 | D:2      | Found Loohuwn's General Store.
  2081 | D:2      | Bought a potion of curing for 39 gold pieces
  2081 | D:2      | Bought a scroll of identify for 26 gold pieces
  2417 | D:3      | Reached skill level 1 in Conjurations
  2437 | D:3      | Reached XP level 5. HP: 20/30 MP: 4/8
  3318 | D:4      | Noticed Dowan
  3347 | D:4      | Noticed an ogre
  3348 | D:4      | Found a staircase to the Ecumenical Temple.
  3358 | D:4      | Noticed Menkaure
  3559 | D:4      | Reached skill level 5 in Earth Magic
  3688 | D:4      | Found a broken altar of Ashenzari.
  3692 | D:4      | Saw a vision of the Swamp and the Spider Nest.
  3692 | D:4      | Noticed a vampire mosquito
  3692 | D:4      | Noticed a swamp drake
  3692 | D:4      | Noticed a vampire mosquito
  3692 | D:4      | Noticed a vampire mosquito
  3692 | D:4      | Noticed a vampire mosquito
  3692 | D:4      | Noticed a vampire mosquito
  3692 | D:4      | Noticed a vampire mosquito
  3692 | D:4      | Noticed a redback
  3692 | D:4      | Noticed a wolf spider
  3692 | D:4      | Noticed a vampire mosquito
  3693 | D:4      | Noticed a vampire mosquito
  3693 | D:4      | Noticed a vampire mosquito
  3693 | D:4      | Noticed a wolf spider
  3693 | D:4      | Noticed a vampire mosquito
  3694 | D:4      | Noticed a redback
  3706 | D:4      | Noticed a black bear
  3711 | D:4      | Killed a black bear
  3712 | D:4      | Reached XP level 6. HP: 36/36 MP: 3/10
  3774 | D:5      | Entered Level 5 of the Dungeon
  3881 | D:5      | Noticed an ice beast
  3970 | D:5      | Killed an ice beast
  4162 | D:5      | Noticed Prince Ribbit
  4163 | D:5      | Reached XP level 7. HP: 40/40 MP: 3/11
  4222 | D:5      | Reached skill level 6 in Earth Magic
  4225 | D:5      | HP: 2/40 [adder zombie (2)]
  4229 | D:5      | Slain by an adder zombie

Illustrated notes

Levels and vault maps discovered:
D:1:      minmay_arrival_loop, layout_basic,
          shapermc_ecumenical_altar_starsandcircs, minmay_close_crescents
D:2:      layout_loops_ring, serial_shops, nicolae_shop_hallway_plus
D:3:      kennysheep_six_static_rooms, layout_loops_cross, hex_medium,
          due_unseen_surprise
D:4:      layout_basic, lemuel_doored_altar, grunt_ashenzari_visionary
          [grunt_ashenzari_visionary_swamp, grunt_ashenzari_visionary_spider],
          minmay_temple_entry_arrows, uniq_menkaure, uniq_duvessa,
          uniq_crazy_yiuf_cottage
D:5:      layout_basic, kennysheep_mini, serial_undead, serial_undead_e,
          serial_undead_c, serial_undead_d, serial_undead_f, grunt_decor_cap,
          hangedman_decor_growths, uniq_prince_ribbit1, uniq_edmund

Skill      XL: |  1  2  3  4  5  6  7 |
---------------+----------------------+-----
Earth Magic    | 4 5 6 |  6.0
Fighting       | 1 2 |  2.9
Dodging        | 2 |  2.8
Conjurations   | 1 2 3 |  3.3
Spellcasting   | 3 |  3.2
Staves         | |  0.3
Stealth        | |  2.1
Transmutations | |  0.7
Evocations     | |  0.2

Action                   |  1- 3 |  4- 6 |  7- 9 || total
-------------------------+-------+-------+-------++-------
Melee: Unarmed           |    11 |       |       ||    11
       Short sword       |    55 |       |       ||    55
       Whip              |    47 |   144 |       ||   191
       Punch             |       |     1 |       ||     1
       Staff             |       |     2 |    22 ||    24
 Cast: Sandblast         |    19 |    21 |     1 ||    41
       Stone Arrow       |       |    11 |     3 ||    14
  Use: Scroll            |       |     5 |       ||     5
 Stab: Sleeping          |     3 |     2 |       ||     5
Armor: Robe              |    37 |    68 |     8 ||   113
Dodge: Dodged            |    74 |   100 |    22 ||   196

Table legend: (Time is in decaauts)
 A = Elapsed time spent in this place.
 B = Non-inter-level travel time spent in this place.
 C = Inter-level travel time spent in this place.
 D = Time resting spent in this place.
 E = Time spent auto-exploring this place.
 F = Levels seen in this place.
 G = Mean time per level.
                   A        B        C        D        E       F      G
               +--------+--------+--------+--------+--------+-----+--------+
         Total |   4260 |   4166 |     94 |    943 |   1548 |   5 |  852.0 |
       Dungeon |   4260 |   4166 |     94 |    943 |   1548 |   5 |  852.0 |
               +--------+--------+--------+--------+--------+-----+--------+

Top non-repeatable levels by time:
     D:1: 1552 daAuts
     D:3: 1140 daAuts
     D:2: 846 daAuts
     D:5: 444 daAuts
     D:4: 277 daAuts
